Wild vs Sharks

Created - December-21-14 at 10:47

Goals
1 2 3 OT1 SO T
Wild 0 3 0 0 1 3
Sharks 1 1 1 0 2 4
Shots
1 2 3 OT1 SO T
Wild 3 16 15 1 8 35
Sharks 11 8 7 2 8 28

1st period

1. Sharks , Andrew Shaw 6 (Kyle Quincey, Tyler Bozak) at 1:44 (PP)

Penalties :
Fedor Tyutin (MIN) for High sticking (Minor) at 0:27, Erik Cole (MIN) for Tripping (Minor) at 4:08, Bobby Ryan (MIN) for Holding (Minor) at 8:27, Andrew Shaw (SJS) for Slashing (Minor) at 11:27, Bobby Ryan (MIN) for Tripping (Minor) at 18:42

2nd period

2. Sharks , Drew Stafford 6 (Cory Sarich, Matt Beleskey) at 0:36 (PP)
3. Wild , Bobby Ryan 14 (Milan Michalek, Marian Gaborik) at 10:21
4. Wild , Marco Scandella 4 (Marian Gaborik, Fedor Tyutin) at 11:48
5. Wild , John-Michael Liles 7 (Daniel Alfredsson, Mikko Koivu) at 11:52

Penalties :
Andrew Shaw (SJS) for Tripping (Minor) at 5:56, Jannik Hansen (SJS) for Hooking (Minor) at 6:41, Cory Sarich (SJS) for Tripping (Minor) at 11:55, Jonas Hiller (SJS) for Delaying the game (Minor) at 15:32 - Cory Sarich served the penalty., Matt Beleskey (SJS) for Interference (Minor) at 19:38

3rd period

6. Sharks , Jannik Hansen 4 (Tyler Bozak, Vyacheslav Voynov) at 16:37 (PP)

Penalties :
Robert Bortuzzo (SJS) for Hooking (Minor) at 8:02, Matt Beleskey (SJS) for Tripping (Minor) at 11:09, Mikko Koivu (MIN) for Tripping (Minor) at 16:23, Cory Sarich (SJS) for Hooking (Minor) at 16:46

Overtime #1

No Goal

Penalties :
Vyacheslav Voynov (SJS) for Holding (Minor) at 0:29, Bobby Ryan (MIN) for Cross-checking (Minor) at 0:29

Shootout

Penalty Shot by Daniel Alfredsson for Wild - Stopped by Jonas Hiller
Penalty Shot by Jannik Hansen for Sharks - Stopped by Josh Harding
Penalty Shot by Marian Gaborik for Wild - Stopped by Jonas Hiller
Penalty Shot by Andrew Shaw for Sharks - Stopped by Josh Harding
Penalty Shot by Bobby Ryan for Wild - Stopped by Jonas Hiller
Penalty Shot by Tyler Bozak for Sharks - Shot Misses the Net
Penalty Shot by Milan Michalek for Wild - Stopped by Jonas Hiller
Penalty Shot by Matt Beleskey for Sharks - Stopped by Josh Harding
Penalty Shot by Michael Ryder for Wild - Stopped by Jonas Hiller
Penalty Shot by Tomas Jurco for Sharks - Shot Misses the Net
Penalty Shot by Mikko Koivu for Wild - Goal!
Penalty Shot by Nick Bjugstad for Sharks - Goal!
Penalty Shot by Erik Cole for Wild - Shot Misses the Net
Penalty Shot by Rich Peverley for Sharks - Stopped by Josh Harding
Penalty Shot by Chris Conner for Wild - Stopped by Jonas Hiller
Penalty Shot by Drew Stafford for Sharks - Goal!

Penalties :
No Penalty

Goalie Stats

Josh Harding (MIN), 25 saves from 28 shots - (0.893), OTL, 12-14-1, 65:00 minutes
Jonas Hiller (SJS), 32 saves from 35 shots - (0.914), W, 11-9-4, 65:00 minutes

Players Stats for Wild

Player Name              G  A  P  +/- PIM S  H  SB GA TA FO     MP     PP MP  PK MP  
------------------------------------------------------------------------------------
Adam Hall                0  0  0   0  0   1  1  0  0  0  4/8     5:26   0:47   3:46 
Bobby Ryan               1  0  1   2  6   1  3  0  0  0  14/26  23:20   8:07   1:43 
Chris Conner             0  0  0   0  0   0  0  0  0  0  0/0    10:13   0:00   1:11 
Chris Phillips           0  0  0   2  0   0  2  2  0  0  0/0    13:53   0:00   3:46 
Daniel Alfredsson        0  1  1   1  0   3  1  0  0  0  1/3    26:55   7:43   1:53 
Erik Cole                0  0  0   0  2   4  2  0  0  0  7/13   20:20   8:30   2:36 
Fedor Tyutin             0  1  1   1  2   3  6  1  0  0  0/0    25:06   8:26   0:00 
John-Michael Liles       1  0  1   2  0   5  1  2  0  0  0/0    24:03   8:26   3:37 
Marco Scandella          1  0  1   1  0   1  1  2  0  0  0/0    18:25   0:00   3:37 
Marian Gaborik           0  2  2   2  0   3  1  0  0  0  0/1    22:46   8:07   0:00 
Mark Streit              0  0  0   0  0   5  0  0  0  0  0/0    22:23   8:11   0:00 
Michael Ryder            0  0  0   1  0   1  0  0  0  0  1/1    22:19   8:07   0:00 
Michael Stone            0  0  0   0  0   2  1  1  0  0  0/0    22:23   8:11   0:00 
Mikko Koivu              0  1  1   1  2   1  2  0  0  0  11/21  14:44   0:00   0:00 
Milan Michalek           0  1  1   2  0   4  0  0  0  0  5/8    23:50   8:30   0:00 
Pierre-Marc Bouchard     0  0  0   0  0   1  0  1  0  0  5/14   12:39   0:00   3:37 
Rob Scuderi              0  0  0   0  0   0  0  1  0  0  0/0     3:46   0:00   3:46 
Rostislav Klesla         0  0  0   0  0   0  0  0  0  0  0/0     0:00   0:00   0:00 

Players Stats for Sharks

Player Name              G  A  P  +/- PIM S  H  SB GA TA FO     MP     PP MP  PK MP  
------------------------------------------------------------------------------------
Andrew Shaw              1  0  1  -1  4   2  1  0  0  0  1/1    14:02   3:38   0:07 
Cory Sarich              0  1  1  -1  4   1  4  2  0  0  0/0    19:36   3:06   5:17 
Drew Stafford            1  0  1  -1  0   6  0  0  0  0  0/1    23:10   3:45   9:36 
Jannik Hansen            1  0  1  -1  2   3  0  0  0  0  0/1    20:47   3:38   5:17 
Joe Corvo                0  0  0   0  0   0  1  0  0  0  0/0    10:54   0:00   1:15 
Jordan Leopold           0  0  0  -1  0   2  0  2  0  0  0/0    24:50   3:06   9:05 
Kyle Quincey             0  1  1  -2  0   1  0  4  0  0  0/0    28:41   4:17   9:15 
Martin Havlat            0  0  0   0  0   1  0  0  0  0  0/0     3:11   0:00   0:00 
Matt Beleskey            0  1  1  -1  4   3  5  0  0  0  1/1    15:52   3:45   0:00 
Michael Kostka           0  0  0   0  0   0  0  1  0  0  0/0    13:50   0:00   0:38 
Nick Bjugstad            0  0  0  -1  0   2  1  1  0  0  8/16    9:49   0:00   0:00 
Rich Peverley            0  0  0  -1  0   0  0  0  0  0  22/44  24:46   3:45  10:16 
Robert Bortuzzo          0  0  0   0  2   0  7  1  0  0  0/0    15:04   0:00   0:00 
Stephen Weiss            0  0  0   0  0   0  0  0  0  0  4/6    10:12   0:00   0:56 
Tomas Jurco              0  0  0  -1  0   0  1  0  0  0  0/1     7:54   0:00   0:00 
Tyler Bozak              0  2  2  -2  0   3  0  1  0  0  11/24  23:49   3:38   5:47 
Viktor Stalberg          0  0  0   0  0   1  0  0  0  0  0/0     9:16   0:00   0:00 
Vyacheslav Voynov        0  1  1  -2  2   3  0  3  0  0  0/0    26:17   4:17   7:44 

3 Stars

1 - John-Michael Liles (MIN)
2 - Marian Gaborik (MIN)
3 - Marco Scandella (MIN)

Power Play

Wild - 0 on 9 Attempt(s) - 0.00%
Sharks - 3 on 5 Attempt(s) - 60.00%

Penalty Kill

Wild - 2 on 5 Attempt(s) - 40.00% - Score 0 goal in Penalty Kill
Sharks - 9 on 9 Attempt(s) - 100.00% - Score 0 goal in Penalty Kill

Team Stat

Wild - Hits : 21 - Faceoff Wins : 48 - Blocked Shots : 10 - Penalty Minutes : 12
Sharks - Hits : 20 - Faceoff Wins : 47 - Blocked Shots : 15 - Penalty Minutes : 18

Official

Referees : Jean Hebert and Wes McCauley
Linesman : Steve Barton and Derek Nansen

Game Notes

Martin Havlat is injured at 3:59 of 2nd period (Left Hand)

Finance

Level 1 -- Attendance: 6199 (95.37%) -- Ticket Income $619,900
Level 2 -- Attendance: 5000 (100.00%) -- Ticket Income $300,000
Level 3 -- Attendance: 3500 (100.00%) -- Ticket Income $122,500
Level 4 -- Attendance: 1496 (100.00%) -- Ticket Income $29,920
Luxury Box -- Attendance: 875 (87.50%) -- Ticket Income $175,000
Game was played at the SAP center'
Total Attendance: 17070 (97.57%)
Total Ticket Income: $1,247,320
Other Income: $187,098
Total Income: $1,434,418

% Time on Ice - Wild

Lines # - Real PCT - Wanted PCT - Time Play
Normal Forward
1 - 41% - 42% - 14:45
2 - 34% - 42% - 12:13
3 - 25% - 11% - 9:02
4 - 0% - 5% - 0:00
Normal Defense
1 - 41% - 40% - 14:48
2 - 32% - 30% - 11:38
3 - 27% - 25% - 9:34
4 - 0% - 5% - 0:00
PP Forward
1 - 51% - 52% - 8:30
2 - 49% - 48% - 8:07
PP Defense
1 - 49% - 50% - 8:11
2 - 51% - 50% - 8:26
PK Forward
1 - 49% - 50% - 3:37
2 - 51% - 50% - 3:46
PK Defense
1 - 51% - 50% - 3:46
2 - 49% - 50% - 3:37
PK3 Forward
1 - 0% - 50%
2 - 0% - 50%
PK3 Defense
1 - 0% - 50%
2 - 0% - 50%
44 Forward
1 - 49% - 50% - 2:26
2 - 51% - 50% - 2:34
44 Defense
1 - 51% - 48% - 2:34
2 - 49% - 52% - 2:26
Last Minute Offensive  - 0:00
Last Minute Defensive  - 0:00
Total
Forward - 65:00
Defense - 65:00

% Time on Ice - Sharks

Lines # - Real PCT - Wanted PCT - Time Play
Normal Forward
1 - 25% - 30% - 9:01
2 - 27% - 30% - 9:49
3 - 22% - 25% - 7:54
4 - 26% - 15% - 9:16
Normal Defense
1 - 36% - 40% - 12:48
2 - 29% - 35% - 10:23
3 - 36% - 25% - 12:49
4 - 0% - 0% - 0:00
PP Forward
1 - 49% - 50% - 3:38
2 - 51% - 50% - 3:45
PP Defense
1 - 58% - 60% - 4:17
2 - 42% - 40% - 3:06
PK Forward
1 - 62% - 55% - 9:36
2 - 38% - 45% - 5:47
PK Defense
1 - 64% - 55% - 9:48
2 - 36% - 45% - 5:35
PK3 Forward
1 - 100% - 60% - 1:14
2 - 0% - 40% - 0:00
PK3 Defense
1 - 76% - 60% - 0:56
2 - 24% - 40% - 0:18
44 Forward
1 - 57% - 55% - 2:51
2 - 43% - 45% - 2:09
44 Defense
1 - 55% - 55% - 2:44
2 - 45% - 45% - 2:16
Last Minute Offensive  - 0:00
Last Minute Defensive  - 0:00
Total
Forward - 65:00
Defense - 65:00

Play by Play

1st period


0:01 of 1st period - Mikko Koivu wins face-off versus Tyler Bozak in neutral zone.
0:04 of 1st period - Shot by Fedor Tyutin.
0:04 of 1st period - Shot Misses the Net.
0:08 of 1st period - Shot by Mikko Koivu.
0:08 of 1st period - Shot Misses the Net.
0:10 of 1st period - Shot by Daniel Alfredsson.
0:10 of 1st period - Shot Misses the Net.
0:19 of 1st period - Tyler Bozak is hit by Fedor Tyutin and loses puck.
0:27 of 1st period - Minor Penalty to Fedor Tyutin for High sticking.
0:28 of 1st period - Matt Beleskey wins face-off versus Pierre-Marc Bouchard in Wild zone.
1:01 of 1st period - Shot by Matt Beleskey.
1:01 of 1st period - Shot Blocked by Chris Phillips.
1:44 of 1st period - Shot by Kyle Quincey.
1:44 of 1st period - Deflect By Andrew Shaw.
1:44 of 1st period - Goal by Andrew Shaw - Wild : 0 - Sharks : 1.
1:45 of 1st period - Stephen Weiss wins face-off versus Mikko Koivu in neutral zone.
2:03 of 1st period - Icing by Mark Streit.
2:04 of 1st period - Rich Peverley wins face-off versus Mikko Koivu in Wild zone.
2:05 of 1st period - Shot by Martin Havlat.
2:05 of 1st period - Stopped by Josh Harding without a rebound.
2:06 of 1st period - Bobby Ryan wins face-off versus Drew Stafford in Wild zone.
2:06 of 1st period - Bobby Ryan is hit by Matt Beleskey.
2:35 of 1st period - Milan Michalek is hit by Nick Bjugstad.
3:56 of 1st period - Icing by Kyle Quincey.
3:57 of 1st period - Rich Peverley wins face-off versus Pierre-Marc Bouchard in Sharks zone.
4:01 of 1st period - Icing by Kyle Quincey.
4:02 of 1st period - Rich Peverley wins face-off versus Erik Cole in Sharks zone.
4:08 of 1st period - Minor Penalty to Erik Cole for Tripping.
4:09 of 1st period - Adam Hall wins face-off versus Jannik Hansen in Wild zone.
4:48 of 1st period - Shot by Marco Scandella.
4:48 of 1st period - Shot Blocked by Cory Sarich.
4:50 of 1st period - Shot by Adam Hall.
4:50 of 1st period - Stopped by Jonas Hiller without a rebound.
4:51 of 1st period - Pierre-Marc Bouchard wins face-off versus Rich Peverley in Sharks zone.
4:57 of 1st period - Icing by Kyle Quincey.
4:58 of 1st period - Rich Peverley wins face-off versus Pierre-Marc Bouchard in Sharks zone.
5:10 of 1st period - Shot by Matt Beleskey.
5:10 of 1st period - Shot Blocked by Chris Phillips.
5:36 of 1st period - Shot by Vyacheslav Voynov.
5:36 of 1st period - Stopped by Josh Harding without a rebound.
5:37 of 1st period - Tyler Bozak wins face-off versus Adam Hall in Wild zone.
5:52 of 1st period - Shot by Tyler Bozak.
5:52 of 1st period - Shot Misses the Net.
5:54 of 1st period - Shot by Jordan Leopold.
5:54 of 1st period - Stopped by Josh Harding with a rebound.
5:56 of 1st period - Shot by Jordan Leopold.
5:56 of 1st period - Stopped by Josh Harding without a rebound.
5:57 of 1st period - Pierre-Marc Bouchard wins face-off versus Tyler Bozak in Wild zone.
6:16 of 1st period - Shot by Marian Gaborik.
6:16 of 1st period - Shot Misses the Net.
6:18 of 1st period - Shot by Michael Stone.
6:18 of 1st period - Shot Misses the Net.
6:23 of 1st period - Marian Gaborik is hit by Robert Bortuzzo and loses puck.
7:01 of 1st period - Robert Bortuzzo is hit by Fedor Tyutin and loses puck.
7:21 of 1st period - Icing by Cory Sarich.
7:22 of 1st period - Andrew Shaw wins face-off versus Pierre-Marc Bouchard in Sharks zone.
7:24 of 1st period - Tyler Bozak is hit by Erik Cole.
7:35 of 1st period - Icing by Tyler Bozak.
7:36 of 1st period - Tyler Bozak wins face-off versus Mikko Koivu in Sharks zone.
7:40 of 1st period - Andrew Shaw is hit by Fedor Tyutin and loses puck.
8:27 of 1st period - Minor Penalty to Bobby Ryan for Holding.
8:28 of 1st period - Adam Hall wins face-off versus Rich Peverley in Wild zone.
8:28 of 1st period - Adam Hall is hit by Matt Beleskey.
9:27 of 1st period - Shot by Jannik Hansen.
9:27 of 1st period - Deflect By Andrew Shaw.
9:27 of 1st period - Shot Misses the Net.
9:39 of 1st period - Erik Cole is hit by Andrew Shaw.
9:58 of 1st period - Rich Peverley is hit by John-Michael Liles and loses puck.
10:05 of 1st period - Shot by Vyacheslav Voynov.
10:05 of 1st period - Stopped by Josh Harding without a rebound.
10:06 of 1st period - Rich Peverley wins face-off versus Pierre-Marc Bouchard in Wild zone.
10:15 of 1st period - Shot by Drew Stafford.
10:15 of 1st period - Stopped by Josh Harding with a rebound.
10:17 of 1st period - Shot by Vyacheslav Voynov.
10:17 of 1st period - Shot Hit the Post.
10:19 of 1st period - Shot by Matt Beleskey.
10:19 of 1st period - Stopped by Josh Harding with a rebound.
10:21 of 1st period - Shot by Kyle Quincey.
10:21 of 1st period - Stopped by Josh Harding without a rebound.
10:22 of 1st period - Adam Hall wins face-off versus Tyler Bozak in Wild zone.
10:35 of 1st period - Marian Gaborik is hit by Robert Bortuzzo and loses puck.
11:27 of 1st period - Minor Penalty to Andrew Shaw for Slashing.
11:28 of 1st period - Milan Michalek wins face-off versus Rich Peverley in Sharks zone.
11:54 of 1st period - Shot by Erik Cole.
11:54 of 1st period - Stopped by Jonas Hiller without a rebound.
11:55 of 1st period - Tyler Bozak wins face-off versus Bobby Ryan in Sharks zone.
11:55 of 1st period - Tyler Bozak is hit by Bobby Ryan.
12:42 of 1st period - Shot by Milan Michalek.
12:42 of 1st period - Stopped by Jonas Hiller without a rebound.
12:43 of 1st period - Erik Cole wins face-off versus Rich Peverley in Sharks zone.
14:57 of 1st period - Cory Sarich is hit by Mikko Koivu and loses puck.
15:15 of 1st period - Icing by Chris Phillips.
15:16 of 1st period - Nick Bjugstad wins face-off versus Bobby Ryan in Wild zone.
15:18 of 1st period - Drew Stafford is hit by Chris Phillips and loses puck.
15:25 of 1st period - Shot by Nick Bjugstad.
15:25 of 1st period - Stopped by Josh Harding without a rebound.
15:26 of 1st period - Nick Bjugstad wins face-off versus Pierre-Marc Bouchard in Wild zone.
16:32 of 1st period - Icing by Nick Bjugstad.
16:33 of 1st period - Mikko Koivu wins face-off versus Nick Bjugstad in Sharks zone.
17:24 of 1st period - Shot by Rich Peverley.
17:24 of 1st period - Shot Misses the Net.
17:49 of 1st period - Marco Scandella is hit by Robert Bortuzzo.
17:56 of 1st period - Marian Gaborik is hit by Robert Bortuzzo and loses puck.
18:02 of 1st period - Andrew Shaw is hit by Marian Gaborik and loses puck.
18:11 of 1st period - Shot by Tyler Bozak.
18:11 of 1st period - Shot Misses the Net.
18:42 of 1st period - Minor Penalty to Bobby Ryan for Tripping.
18:43 of 1st period - Adam Hall wins face-off versus Rich Peverley in Wild zone.
19:05 of 1st period - Shot by Vyacheslav Voynov.
19:05 of 1st period - Shot Misses the Net.
19:07 of 1st period - Shot by Rich Peverley.
19:07 of 1st period - Shot Blocked by Rob Scuderi.
19:52 of 1st period - Shot by Tyler Bozak.
19:52 of 1st period - Shot Misses the Net.
19:54 of 1st period - Shot by Tyler Bozak.
19:54 of 1st period - Stopped by Josh Harding with a rebound.
19:56 of 1st period - Shot by Andrew Shaw.
19:56 of 1st period - Shot Blocked by John-Michael Liles.
Goals for this period are 0 for Wild vs 1 for Sharks.
Shots for this period are 3 for Wild vs 11 for Sharks.

2nd period


0:01 of 2nd period - Tyler Bozak wins face-off versus Adam Hall in neutral zone.
0:10 of 2nd period - Shot by Vyacheslav Voynov.
0:10 of 2nd period - Shot Misses the Net.
0:12 of 2nd period - Shot by Kyle Quincey.
0:12 of 2nd period - Shot Blocked by Marco Scandella.
0:14 of 2nd period - Shot by Andrew Shaw.
0:14 of 2nd period - Shot Blocked by John-Michael Liles.
0:30 of 2nd period - Shot by Jannik Hansen.
0:30 of 2nd period - Stopped by Josh Harding without a rebound.
0:31 of 2nd period - Rich Peverley wins face-off versus Pierre-Marc Bouchard in Wild zone.
0:34 of 2nd period - Shot by Cory Sarich.
0:34 of 2nd period - Stopped by Josh Harding with a rebound.
0:36 of 2nd period - Shot by Cory Sarich.
0:36 of 2nd period - Deflect By Drew Stafford.
0:36 of 2nd period - Goal by Drew Stafford - Wild : 0 - Sharks : 2.
0:37 of 2nd period - Nick Bjugstad wins face-off versus Bobby Ryan in neutral zone.
1:02 of 2nd period - Shot by Marian Gaborik.
1:02 of 2nd period - Shot Misses the Net.
1:34 of 2nd period - Marian Gaborik is hit by Cory Sarich and loses puck.
1:56 of 2nd period - Michael Ryder is hit by Matt Beleskey and loses puck.
2:42 of 2nd period - Icing by Fedor Tyutin.
2:43 of 2nd period - Tyler Bozak wins face-off versus Mikko Koivu in Wild zone.
2:50 of 2nd period - Shot by Andrew Shaw.
2:50 of 2nd period - Stopped by Josh Harding with a rebound.
3:40 of 2nd period - Shot by Erik Cole.
3:40 of 2nd period - Deflect By Pierre-Marc Bouchard.
3:40 of 2nd period - Stopped by Jonas Hiller without a rebound.
3:41 of 2nd period - Rich Peverley wins face-off versus Bobby Ryan in Sharks zone.
3:58 of 2nd period - Martin Havlat is hit by Michael Stone and loses puck.
3:59 of 2nd period - Martin Havlat from Sharks is injured at 3:59 of 2nd period (Left Hand).
4:00 of 2nd period - Bobby Ryan wins face-off versus Stephen Weiss in Wild zone.
4:00 of 2nd period - Michael Stone is hit by Joe Corvo and loses puck.
4:27 of 2nd period - Shot by Milan Michalek.
4:27 of 2nd period - Stopped by Jonas Hiller without a rebound.
4:28 of 2nd period - Mikko Koivu wins face-off versus Nick Bjugstad in Sharks zone.
4:58 of 2nd period - Nick Bjugstad is hit by Mikko Koivu.
5:03 of 2nd period - Kyle Quincey is hit by Chris Phillips.
5:56 of 2nd period - Minor Penalty to Andrew Shaw for Tripping.
5:57 of 2nd period - Daniel Alfredsson wins face-off versus Rich Peverley in Sharks zone.
5:58 of 2nd period - Shot by Erik Cole.
5:58 of 2nd period - Shot Blocked by Jordan Leopold.
6:26 of 2nd period - Shot by Daniel Alfredsson.
6:26 of 2nd period - Shot Misses the Net.
6:41 of 2nd period - Minor Penalty to Jannik Hansen for Hooking.
6:42 of 2nd period - Stephen Weiss wins face-off versus Bobby Ryan in Sharks zone.
7:05 of 2nd period - Shot by John-Michael Liles.
7:05 of 2nd period - Shot Misses the Net.
7:48 of 2nd period - Shot by Mark Streit.
7:48 of 2nd period - Shot Misses the Net.
7:50 of 2nd period - Shot by Michael Stone.
7:50 of 2nd period - Shot Blocked by Vyacheslav Voynov.
7:52 of 2nd period - Shot by Michael Stone.
7:52 of 2nd period - Shot Blocked by Vyacheslav Voynov.
7:54 of 2nd period - Shot by Mark Streit.
7:54 of 2nd period - Shot Misses the Net.
7:56 of 2nd period - Shot by Adam Hall.
7:56 of 2nd period - Deflect By Erik Cole.
7:56 of 2nd period - Stopped by Jonas Hiller without a rebound.
7:57 of 2nd period - Michael Ryder wins face-off versus Tyler Bozak in Sharks zone.
8:16 of 2nd period - Shot by Fedor Tyutin.
8:16 of 2nd period - Shot Misses the Net.
8:18 of 2nd period - Shot by Fedor Tyutin.
8:18 of 2nd period - Stopped by Jonas Hiller without a rebound.
8:19 of 2nd period - Rich Peverley wins face-off versus Daniel Alfredsson in Sharks zone.
9:00 of 2nd period - Shot by Matt Beleskey.
9:00 of 2nd period - Shot Misses the Net.
9:02 of 2nd period - Shot by Robert Bortuzzo.
9:02 of 2nd period - Shot Misses the Net.
9:04 of 2nd period - Shot by Drew Stafford.
9:04 of 2nd period - Stopped by Josh Harding without a rebound.
9:05 of 2nd period - Mikko Koivu wins face-off versus Tyler Bozak in Wild zone.
9:16 of 2nd period - Icing by Jordan Leopold.
9:17 of 2nd period - Bobby Ryan wins face-off versus Tyler Bozak in Sharks zone.
9:24 of 2nd period - Shot by Marian Gaborik.
9:24 of 2nd period - Stopped by Jonas Hiller without a rebound.
9:25 of 2nd period - Rich Peverley wins face-off versus Mikko Koivu in Sharks zone.
9:25 of 2nd period - Vyacheslav Voynov is hit by Daniel Alfredsson and loses puck.
10:15 of 2nd period - Icing by Tyler Bozak.
10:16 of 2nd period - Bobby Ryan wins face-off versus Rich Peverley in Sharks zone.
10:19 of 2nd period - Shot by Milan Michalek.
10:19 of 2nd period - Shot Misses the Net.
10:21 of 2nd period - Shot by Bobby Ryan.
10:21 of 2nd period - Goal by Bobby Ryan - Wild : 1 - Sharks : 2.
10:22 of 2nd period - Nick Bjugstad wins face-off versus Bobby Ryan in neutral zone.
10:50 of 2nd period - Shot by Drew Stafford.
10:50 of 2nd period - Stopped by Josh Harding without a rebound.
10:51 of 2nd period - Pierre-Marc Bouchard wins face-off versus Stephen Weiss in Wild zone.
11:12 of 2nd period - Shot by Viktor Stalberg.
11:12 of 2nd period - Stopped by Josh Harding without a rebound.
11:13 of 2nd period - Tyler Bozak wins face-off versus Bobby Ryan in Wild zone.
11:14 of 2nd period - Shot by Kyle Quincey.
11:14 of 2nd period - Shot Misses the Net.
11:48 of 2nd period - Shot by Marco Scandella.
11:48 of 2nd period - Goal by Marco Scandella - Wild : 2 - Sharks : 2.
11:49 of 2nd period - Mikko Koivu wins face-off versus Nick Bjugstad in neutral zone.
11:52 of 2nd period - Shot by John-Michael Liles.
11:52 of 2nd period - Goal by John-Michael Liles - Wild : 3 - Sharks : 2.
11:53 of 2nd period - Mikko Koivu wins face-off versus Nick Bjugstad in neutral zone.
11:55 of 2nd period - Minor Penalty to Cory Sarich for Tripping.
11:56 of 2nd period - Rich Peverley wins face-off versus Erik Cole in Sharks zone.
12:05 of 2nd period - Kyle Quincey is hit by Erik Cole and loses puck.
12:10 of 2nd period - Shot by Mark Streit.
12:10 of 2nd period - Stopped by Jonas Hiller without a rebound.
12:11 of 2nd period - Bobby Ryan wins face-off versus Rich Peverley in Sharks zone.
12:14 of 2nd period - Shot by Marian Gaborik.
12:14 of 2nd period - Stopped by Jonas Hiller with a rebound.
13:59 of 2nd period - Mark Streit is hit by Robert Bortuzzo.
14:20 of 2nd period - Pierre-Marc Bouchard is hit by Robert Bortuzzo and loses puck.
15:08 of 2nd period - Icing by Chris Phillips.
15:09 of 2nd period - Nick Bjugstad wins face-off versus Mikko Koivu in Wild zone.
15:26 of 2nd period - Shot by Nick Bjugstad.
15:26 of 2nd period - Stopped by Josh Harding without a rebound.
15:27 of 2nd period - Mikko Koivu wins face-off versus Rich Peverley in Wild zone.
15:32 of 2nd period - Shot by Mikko Koivu.
15:32 of 2nd period - Stopped by Jonas Hiller without a rebound.
15:32 of 2nd period - Minor Penalty to Jonas Hiller for Delaying the game.
15:33 of 2nd period - Rich Peverley wins face-off versus Erik Cole in Sharks zone.
15:50 of 2nd period - Shot by Erik Cole.
15:50 of 2nd period - Stopped by Jonas Hiller without a rebound.
15:51 of 2nd period - Bobby Ryan wins face-off versus Rich Peverley in Sharks zone.
16:12 of 2nd period - Drew Stafford is hit by Bobby Ryan and loses puck.
17:24 of 2nd period - Shot by Michael Ryder.
17:24 of 2nd period - Stopped by Jonas Hiller without a rebound.
17:25 of 2nd period - Erik Cole wins face-off versus Rich Peverley in Sharks zone.
17:26 of 2nd period - Shot by Fedor Tyutin.
17:26 of 2nd period - Stopped by Jonas Hiller without a rebound.
17:27 of 2nd period - Bobby Ryan wins face-off versus Rich Peverley in Sharks zone.
17:44 of 2nd period - Icing by Marco Scandella.
17:45 of 2nd period - Nick Bjugstad wins face-off versus Pierre-Marc Bouchard in Wild zone.
18:07 of 2nd period - Icing by Kyle Quincey.
18:08 of 2nd period - Bobby Ryan wins face-off versus Nick Bjugstad in Sharks zone.
18:37 of 2nd period - Shot by Chris Phillips.
18:37 of 2nd period - Shot Blocked by Vyacheslav Voynov.
18:39 of 2nd period - Shot by Marian Gaborik.
18:39 of 2nd period - Stopped by Jonas Hiller without a rebound.
18:40 of 2nd period - Mikko Koivu wins face-off versus Tyler Bozak in Sharks zone.
19:38 of 2nd period - Minor Penalty to Matt Beleskey for Interference.
19:39 of 2nd period - Rich Peverley wins face-off versus Erik Cole in Sharks zone.
19:50 of 2nd period - Shot by John-Michael Liles.
19:50 of 2nd period - Stopped by Jonas Hiller without a rebound.
19:51 of 2nd period - Rich Peverley wins face-off versus Marian Gaborik in Sharks zone.
Goals for this period are 3 for Wild vs 1 for Sharks.
Shots for this period are 16 for Wild vs 8 for Sharks.

3rd period


0:01 of 3rd period - Rich Peverley wins face-off versus Daniel Alfredsson in neutral zone.
0:18 of 3rd period - Shot by Mark Streit.
0:18 of 3rd period - Stopped by Jonas Hiller without a rebound.
0:19 of 3rd period - Tyler Bozak wins face-off versus Bobby Ryan in Sharks zone.
0:59 of 3rd period - Shot by John-Michael Liles.
0:59 of 3rd period - Stopped by Jonas Hiller without a rebound.
1:00 of 3rd period - Erik Cole wins face-off versus Tyler Bozak in Sharks zone.
1:13 of 3rd period - Shot by Michael Stone.
1:13 of 3rd period - Shot Blocked by Kyle Quincey.
1:15 of 3rd period - Shot by Michael Stone.
1:15 of 3rd period - Shot Misses the Net.
1:17 of 3rd period - Shot by Mark Streit.
1:17 of 3rd period - Shot Hit the Post.
1:19 of 3rd period - Shot by Milan Michalek.
1:19 of 3rd period - Shot Misses the Net.
1:25 of 3rd period - Shot by Daniel Alfredsson.
1:25 of 3rd period - Stopped by Jonas Hiller without a rebound.
1:26 of 3rd period - Tyler Bozak wins face-off versus Bobby Ryan in Sharks zone.
1:55 of 3rd period - Joe Corvo is hit by Fedor Tyutin and loses puck.
2:40 of 3rd period - Shot by Mikko Koivu.
2:40 of 3rd period - Shot Misses the Net.
2:56 of 3rd period - Shot by Mikko Koivu.
2:56 of 3rd period - Deflect By Daniel Alfredsson.
2:56 of 3rd period - Shot Misses the Net.
3:01 of 3rd period - Off-side.
3:02 of 3rd period - Rich Peverley wins face-off versus Bobby Ryan in neutral zone.
3:41 of 3rd period - Shot by John-Michael Liles.
3:41 of 3rd period - Shot Blocked by Kyle Quincey.
3:43 of 3rd period - Shot by Bobby Ryan.
3:43 of 3rd period - Deflect By Marian Gaborik.
3:43 of 3rd period - Shot Blocked by Tyler Bozak.
4:16 of 3rd period - Off-side.
4:17 of 3rd period - Nick Bjugstad wins face-off versus Mikko Koivu in neutral zone.
4:58 of 3rd period - Shot by Matt Beleskey.
4:58 of 3rd period - Stopped by Josh Harding without a rebound.
4:59 of 3rd period - Tyler Bozak wins face-off versus Pierre-Marc Bouchard in Wild zone.
4:59 of 3rd period - Andrew Shaw is hit by Marco Scandella and loses puck.
5:08 of 3rd period - Shot by Tyler Bozak.
5:08 of 3rd period - Shot Blocked by Pierre-Marc Bouchard.
5:19 of 3rd period - Tyler Bozak is hit by Fedor Tyutin and loses puck.
5:35 of 3rd period - Shot by Jannik Hansen.
5:35 of 3rd period - Stopped by Josh Harding without a rebound.
5:36 of 3rd period - Bobby Ryan wins face-off versus Tomas Jurco in Wild zone.
5:45 of 3rd period - Shot by John-Michael Liles.
5:45 of 3rd period - Stopped by Jonas Hiller without a rebound.
5:46 of 3rd period - Rich Peverley wins face-off versus Mikko Koivu in Sharks zone.
6:19 of 3rd period - Icing by Vyacheslav Voynov.
6:20 of 3rd period - Bobby Ryan wins face-off versus Rich Peverley in Sharks zone.
6:27 of 3rd period - Shot by Marian Gaborik.
6:27 of 3rd period - Shot Misses the Net.
6:40 of 3rd period - Icing by Vyacheslav Voynov.
6:41 of 3rd period - Pierre-Marc Bouchard wins face-off versus Rich Peverley in Sharks zone.
7:09 of 3rd period - Shot by Drew Stafford.
7:09 of 3rd period - Stopped by Josh Harding without a rebound.
7:10 of 3rd period - Nick Bjugstad wins face-off versus Milan Michalek in Wild zone.
7:10 of 3rd period - Jordan Leopold is hit by Fedor Tyutin and loses puck.
7:31 of 3rd period - Shot by Bobby Ryan.
7:31 of 3rd period - Shot Misses the Net.
7:45 of 3rd period - Shot by Marian Gaborik.
7:45 of 3rd period - Shot Blocked by Cory Sarich.
7:47 of 3rd period - Shot by Milan Michalek.
7:47 of 3rd period - Stopped by Jonas Hiller without a rebound.
7:48 of 3rd period - Stephen Weiss wins face-off versus Mikko Koivu in Sharks zone.
8:02 of 3rd period - Minor Penalty to Robert Bortuzzo for Hooking.
8:03 of 3rd period - Erik Cole wins face-off versus Rich Peverley in Sharks zone.
8:12 of 3rd period - Shot by Daniel Alfredsson.
8:12 of 3rd period - Stopped by Jonas Hiller with a rebound.
8:14 of 3rd period - Shot by Erik Cole.
8:14 of 3rd period - Shot Blocked by Kyle Quincey.
8:16 of 3rd period - Shot by Erik Cole.
8:16 of 3rd period - Stopped by Jonas Hiller without a rebound.
8:17 of 3rd period - Bobby Ryan wins face-off versus Tyler Bozak in Sharks zone.
9:14 of 3rd period - Michael Stone is hit by Cory Sarich and loses puck.
9:29 of 3rd period - Shot by Mark Streit.
9:29 of 3rd period - Stopped by Jonas Hiller with a rebound.
10:11 of 3rd period - Joe Corvo is hit by Adam Hall and loses puck.
11:05 of 3rd period - Icing by Chris Phillips.
11:06 of 3rd period - Mikko Koivu wins face-off versus Nick Bjugstad in Wild zone.
11:06 of 3rd period - Mikko Koivu is hit by Matt Beleskey.
11:09 of 3rd period - Minor Penalty to Matt Beleskey for Tripping.
11:10 of 3rd period - Rich Peverley wins face-off versus Bobby Ryan in Sharks zone.
11:39 of 3rd period - Shot by Michael Stone.
11:39 of 3rd period - Stopped by Jonas Hiller with a rebound.
11:41 of 3rd period - Shot by Mark Streit.
11:41 of 3rd period - Stopped by Jonas Hiller without a rebound.
11:42 of 3rd period - Erik Cole wins face-off versus Rich Peverley in Sharks zone.
12:58 of 3rd period - Shot by Michael Stone.
12:58 of 3rd period - Stopped by Jonas Hiller without a rebound.
12:59 of 3rd period - Erik Cole wins face-off versus Tyler Bozak in Sharks zone.
13:11 of 3rd period - John-Michael Liles is hit by Robert Bortuzzo.
13:13 of 3rd period - Shot by Pierre-Marc Bouchard.
13:13 of 3rd period - Deflect By Erik Cole.
13:13 of 3rd period - Shot Misses the Net.
13:15 of 3rd period - Shot by Pierre-Marc Bouchard.
13:15 of 3rd period - Shot Misses the Net.
14:03 of 3rd period - Shot by Marian Gaborik.
14:03 of 3rd period - Shot Blocked by Michael Kostka.
14:05 of 3rd period - Shot by Milan Michalek.
14:05 of 3rd period - Stopped by Jonas Hiller without a rebound.
14:06 of 3rd period - Mikko Koivu wins face-off versus Tyler Bozak in Sharks zone.
14:11 of 3rd period - Shot by Mikko Koivu.
14:11 of 3rd period - Deflect By Michael Ryder.
14:11 of 3rd period - Shot Misses the Net.
14:19 of 3rd period - Shot by Michael Ryder.
14:19 of 3rd period - Shot Hit the Post.
15:05 of 3rd period - Icing by Marco Scandella.
15:06 of 3rd period - Bobby Ryan wins face-off versus Nick Bjugstad in Wild zone.
15:34 of 3rd period - Shot by Milan Michalek.
15:34 of 3rd period - Shot Misses the Net.
15:48 of 3rd period - Shot by Matt Beleskey.
15:48 of 3rd period - Stopped by Josh Harding without a rebound.
15:49 of 3rd period - Pierre-Marc Bouchard wins face-off versus Rich Peverley in Wild zone.
15:49 of 3rd period - Pierre-Marc Bouchard is hit by Tomas Jurco.
16:07 of 3rd period - Shot by Chris Conner.
16:07 of 3rd period - Shot Misses the Net.
16:09 of 3rd period - Shot by John-Michael Liles.
16:09 of 3rd period - Stopped by Jonas Hiller without a rebound.
16:10 of 3rd period - Stephen Weiss wins face-off versus Mikko Koivu in Sharks zone.
16:23 of 3rd period - Minor Penalty to Mikko Koivu for Tripping.
16:24 of 3rd period - Rich Peverley wins face-off versus Adam Hall in Wild zone.
16:25 of 3rd period - Shot by Kyle Quincey.
16:25 of 3rd period - Shot Blocked by Marco Scandella.
16:27 of 3rd period - Shot by Vyacheslav Voynov.
16:27 of 3rd period - Stopped by Josh Harding without a rebound.
16:28 of 3rd period - Tyler Bozak wins face-off versus Adam Hall in Wild zone.
16:35 of 3rd period - Shot by Tyler Bozak.
16:35 of 3rd period - Shot Misses the Net.
16:37 of 3rd period - Shot by Jannik Hansen.
16:37 of 3rd period - Goal by Jannik Hansen - Wild : 3 - Sharks : 3.
16:38 of 3rd period - Bobby Ryan wins face-off versus Nick Bjugstad in neutral zone.
16:44 of 3rd period - Marian Gaborik is hit by Cory Sarich and loses puck.
16:46 of 3rd period - Minor Penalty to Cory Sarich for Hooking.
16:47 of 3rd period - Milan Michalek wins face-off versus Rich Peverley in Sharks zone.
16:50 of 3rd period - Shot by Mark Streit.
16:50 of 3rd period - Deflect By Erik Cole.
16:50 of 3rd period - Shot Blocked by Jordan Leopold.
16:57 of 3rd period - Icing by Mark Streit.
16:58 of 3rd period - Rich Peverley wins face-off versus Milan Michalek in Wild zone.
17:03 of 3rd period - Shot by Drew Stafford.
17:03 of 3rd period - Stopped by Josh Harding without a rebound.
17:04 of 3rd period - Rich Peverley wins face-off versus Erik Cole in Wild zone.
17:17 of 3rd period - Shot by Daniel Alfredsson.
17:17 of 3rd period - Shot Blocked by Kyle Quincey.
17:19 of 3rd period - Shot by Milan Michalek.
17:19 of 3rd period - Shot Misses the Net.
17:28 of 3rd period - Icing by Erik Cole.
17:29 of 3rd period - Tyler Bozak wins face-off versus Erik Cole in Wild zone.
17:33 of 3rd period - Icing by Michael Stone.
17:34 of 3rd period - Erik Cole wins face-off versus Rich Peverley in Wild zone.
18:00 of 3rd period - Shot by Mark Streit.
18:00 of 3rd period - Stopped by Jonas Hiller with a rebound.
18:02 of 3rd period - Shot by Milan Michalek.
18:02 of 3rd period - Shot Misses the Net.
18:45 of 3rd period - Joe Corvo is hit by Bobby Ryan and loses puck.
18:58 of 3rd period - Shot by Pierre-Marc Bouchard.
18:58 of 3rd period - Deflect By Erik Cole.
18:58 of 3rd period - Shot Misses the Net.
19:00 of 3rd period - Shot by Fedor Tyutin.
19:00 of 3rd period - Deflect By Chris Conner.
19:00 of 3rd period - Shot Blocked by Nick Bjugstad.
19:02 of 3rd period - Shot by Fedor Tyutin.
19:02 of 3rd period - Stopped by Jonas Hiller without a rebound.
19:03 of 3rd period - Mikko Koivu wins face-off versus Rich Peverley in Sharks zone.
19:08 of 3rd period - Shot by Daniel Alfredsson.
19:08 of 3rd period - Shot Blocked by Robert Bortuzzo.
Goals for this period are 0 for Wild vs 1 for Sharks.
Shots for this period are 15 for Wild vs 7 for Sharks.

Overtime #1


0:01 of 1st overtime period - Rich Peverley wins face-off versus Bobby Ryan in neutral zone.
0:29 of 1st overtime period - Minor Penalty to Vyacheslav Voynov for Holding.
0:29 of 1st overtime period - Minor Penalty to Bobby Ryan for Cross-checking.
0:30 of 1st overtime period - Milan Michalek wins face-off versus Tyler Bozak in Sharks zone.
1:59 of 1st overtime period - Fedor Tyutin is hit by Cory Sarich and loses puck.
2:29 of 1st overtime period - Shot by Tyler Bozak.
2:29 of 1st overtime period - Shot Blocked by Fedor Tyutin.
2:31 of 1st overtime period - Shot by Tyler Bozak.
2:31 of 1st overtime period - Stopped by Josh Harding without a rebound.
2:32 of 1st overtime period - Milan Michalek wins face-off versus Rich Peverley in Wild zone.
3:07 of 1st overtime period - Icing by Robert Bortuzzo.
3:08 of 1st overtime period - Bobby Ryan wins face-off versus Rich Peverley in Sharks zone.
3:37 of 1st overtime period - Fedor Tyutin is hit by Matt Beleskey and loses puck.
3:54 of 1st overtime period - Shot by Tyler Bozak.
3:54 of 1st overtime period - Stopped by Josh Harding without a rebound.
3:55 of 1st overtime period - Milan Michalek wins face-off versus Tyler Bozak in Wild zone.
4:26 of 1st overtime period - Shot by Daniel Alfredsson.
4:26 of 1st overtime period - Stopped by Jonas Hiller without a rebound.
4:27 of 1st overtime period - Rich Peverley wins face-off versus Milan Michalek in Sharks zone.
4:40 of 1st overtime period - Shot by Jannik Hansen.
4:40 of 1st overtime period - Shot Blocked by Michael Stone.
4:52 of 1st overtime period - Shot by Michael Stone.
4:52 of 1st overtime period - Shot Misses the Net.
Goals for this period are 0 for Wild vs 0 for Sharks.
Shots for this period are 1 for Wild vs 2 for Sharks.

ShootOut


5:00 of 1st overtime period - Penalty Shot by Daniel Alfredsson for Wild.
5:00 of 1st overtime period - Stopped by Jonas Hiller.
5:00 of 1st overtime period - Penalty Shot by Jannik Hansen for Sharks.
5:00 of 1st overtime period - Stopped by Josh Harding.
5:00 of 1st overtime period - Penalty Shot by Marian Gaborik for Wild.
5:00 of 1st overtime period - Stopped by Jonas Hiller.
5:00 of 1st overtime period - Penalty Shot by Andrew Shaw for Sharks.
5:00 of 1st overtime period - Stopped by Josh Harding.
5:00 of 1st overtime period - Penalty Shot by Bobby Ryan for Wild.
5:00 of 1st overtime period - Stopped by Jonas Hiller.
5:00 of 1st overtime period - Penalty Shot by Tyler Bozak for Sharks.
5:00 of 1st overtime period - Shot Misses the Net.
5:00 of 1st overtime period - Penalty Shot by Milan Michalek for Wild.
5:00 of 1st overtime period - Stopped by Jonas Hiller.
5:00 of 1st overtime period - Penalty Shot by Matt Beleskey for Sharks.
5:00 of 1st overtime period - Stopped by Josh Harding.
5:00 of 1st overtime period - Penalty Shot by Michael Ryder for Wild.
5:00 of 1st overtime period - Stopped by Jonas Hiller.
5:00 of 1st overtime period - Penalty Shot by Tomas Jurco for Sharks.
5:00 of 1st overtime period - Shot Misses the Net.
5:00 of 1st overtime period - Penalty Shot by Mikko Koivu for Wild.
5:00 of 1st overtime period - Goal by Mikko Koivu.
5:00 of 1st overtime period - Penalty Shot by Nick Bjugstad for Sharks.
5:00 of 1st overtime period - Goal by Nick Bjugstad.
5:00 of 1st overtime period - Penalty Shot by Erik Cole for Wild.
5:00 of 1st overtime period - Shot Misses the Net.
5:00 of 1st overtime period - Penalty Shot by Rich Peverley for Sharks.
5:00 of 1st overtime period - Stopped by Josh Harding.
5:00 of 1st overtime period - Penalty Shot by Chris Conner for Wild.
5:00 of 1st overtime period - Stopped by Jonas Hiller.
5:00 of 1st overtime period - Penalty Shot by Drew Stafford for Sharks.
5:00 of 1st overtime period - Goal by Drew Stafford.


Output by the SimonT Hockey Simulator (STHS) for Stephane Roy -- Original Page W3C XHTML 1.0 Valid
Hockey Simulator - Hockey Simulation - Hockey Manager